 Dungeon Crawl Stone Soup version 0.24-a0-57-gac335f2 (webtiles) character file.

Game seed: 727120048384715208

172692 Flip the Tortoise (level 17, 0/79 HPs)
             Began as a Tengu Summoner on Feb 3, 2019.
             Was the Champion of Wu Jian.
             Slain by a thrashing horror (20 damage)
             ... on level 4 of the Abyss on Feb 4, 2019.
             The game lasted 04:58:37 (46094 turns).

Flip the Tortoise (Tengu Summoner)                 Turns: 46094, Time: 04:58:37

Health: 0/79       AC: 25    Str: 20      XL:     17   Next: 40%
Magic:  29/31      EV: 13    Int: 17 (19) God:    Wu Jian [******]
Gold:   1454       SH: 15    Dex: 14      Spells: 9/34 levels left

rFire    x . .     SeeInvis .   a - +5 long sword of Defiance {drain, rElec rPois rN+ MR+}
rCold    + . .     Gourm    .   W - +0 shield
rNeg     + . .     Faith    .   C - +8 chain mail of the Unbroken {rF- rC+ Str+4 Int+3}
rPois    +         Spirit   .   (helmet restricted)
rElec    +         Reflect  +   p - +2 cloak
rCorr    .         Harm     .   h - +2 pair of gloves {Dex+3}
MR       ++...                  (boots unavailable)
Stlth    ..........             B - +5 amulet of reflection
HPRegen  0.23/turn              m - ring of wizardry
MPRegen  0.22/turn              k - +5 ring of strength

@: flying quickly and evasively, very slightly contaminated, quick
A: beak, talons 3, [clumsy 2], [deformed body], deterioration 1, [frail 2],
poison resistance, [weak 2], subdued magic 1, able to fly, sturdy frame 1
}: 2/15 runes: decaying, gossamer
a: Stop Flying, Wall Jump, Serpent's Lash, Heavenly Storm, Renounce Religion


You were on level 4 of the Abyss.
You worshipped Wu Jian.
Wu Jian was exalted by your worship.
You were not hungry.

You visited 6 branches of the dungeon, and saw 31 of its levels.
You visited the Abyss 1 time.

You collected 2865 gold pieces.
You spent 1411 gold pieces at shops.

Inventory:

Hand Weapons
 a - the +5 long sword of Defiance (weapon) {drain, rElec rPois rN+ MR+}
   (You found it on level 4 of the Dungeon)

   A truly terrible weapon, it drains the life of those it strikes.
   It insulates you from electricity.
   It protects you from poison.
   It protects you from negative energy.
   It affects your resistance to hostile enchantments.
 b - a +3 scimitar of flaming
 H - the +7 whip "Filom" {freeze, rF+ rC+ rN+ Int+4}
   (You found it on level 6 of the Dungeon)

   It has been specially enchanted to freeze those struck by it, causing extra
   injury to most foes and up to half again as much damage against particularly
   susceptible opponents.
   It can also slow down cold-blooded creatures.
   It affects your intelligence (+4).
   It protects you from fire.
   It protects you from cold.
   It protects you from negative energy.
Missiles
 K - 48 tomahawks (quivered)
 M - 19 javelins
Armour
 h - a +2 pair of gloves of dexterity (worn)
 o - a +2 ring mail of fire resistance
 p - a +2 cloak (worn)
 C - the +8 chain mail of the Unbroken (worn) {rF- rC+ Str+4 Int+3}
   (You bought it in a shop on level 11 of the Dungeon)

   It affects your strength (+4).
   It affects your intelligence (+3).
   It makes you vulnerable to fire.
   It protects you from cold.
 Q - a +1 cloak of poison resistance
 W - a +0 shield (worn)
Jewellery
 k - a +5 ring of strength (right hand)
 m - a ring of wizardry (left hand)
 u - an uncursed ring of positive energy
 y - an uncursed ring of protection from magic
 B - a +5 amulet of reflection (around neck)
 F - an uncursed ring of see invisible
 Z - a +3 ring of dexterity
Wands
 n - a wand of disintegration (31)
 z - a wand of acid (32)
 I - a wand of flame (43)
 J - a wand of paralysis (6)
 L - a wand of polymorph (15)
 P - a wand of scattershot (6)
 T - a wand of clouds (4)
 U - a wand of digging (6)
 X - a wand of iceblast (8)
Scrolls
 e - 7 scrolls of teleportation
 i - 7 scrolls of amnesia
 l - 23 scrolls of remove curse
 r - 2 scrolls of magic mapping
 s - 6 scrolls of immolation
 v - 6 scrolls of enchant armour
 w - 2 scrolls of blinking
 S - 3 scrolls of identify
Potions
 d - 4 potions of haste
 f - 2 potions of berserk rage
 j - 5 potions of curing
 q - 4 potions of lignification
 t - 5 potions of mutation
 x - 5 potions of brilliance
 A - 5 potions of might
 D - 2 potions of magic
 E - 4 potions of resistance
 O - a potion of invisibility
 R - 4 potions of agility
 V - 7 potions of ambrosia
Miscellaneous
 G - a lightning rod (4/4)
 N - a lamp of fire
Comestibles
 c - 40 rations


   Skills:
 - Level 8.4 Fighting
   Level 1.2(9.4) Short Blades
 - Level 13.9(14.0) Long Blades
 - Level 16.4 Armour
 - Level 6.3 Dodging
 - Level 2.0 Stealth
 - Level 5.9 Shields
 - Level 0.2 Unarmed Combat
 + Level 9.4 Spellcasting
 - Level 3.7 Charms
 - Level 15.2 Summonings
 * Level 7.3 Necromancy
 - Level 6.3 Ice Magic
 - Level 10.0 Air Magic


You had 9 spell levels left.
You knew the following spells:

 Your Spells              Type           Power        Failure   Level  Hunger
a - Animate Dead          Necr           N/A          16%         4    ###....
b - Call Imp              Summ           #####...     1%          2    None
c - Call Canine Familiar  Summ           #####...     1%          3    None
d - Summon Lightning Spi  Summ/Air       #####...     1%          4    ###....
e - Summon Ice Beast      Ice/Summ       ####....     4%          4    ###....
f - Summon Guardian Gole  Hex/Summ       ####....     4%          3    None
g - Regeneration          Chrm/Necr      ###.......   11%         3    None
h - Apportation           Tloc           #.....       32%         1    None
i - Summon Butterflies    Summ           #####...     1%          1    None

Your spell library contained the following spells:

 Spells                   Type           Power        Failure   Level  Hunger
 Animate Skeleton         Necr           N/A          1%          1    None
 Pain                     Necr           ####         1%          1    None
 Summon Small Mammal      Summ           ####         1%          1    None
 Vampiric Draining        Necr           ####......   4%          3    None
 Infusion                 Chrm           ###.         7%          1    None
 Song of Slaying          Chrm           ###.....     11%         2    None
 Ensorcelled Hibernation  Hex/Ice        ##....       13%         2    None
 Shroud of Golubria       Chrm/Tloc      ##........   24%         2    None
 Beastly Appendage        Tmut           #.....       32%         1    None
 Corona                   Hex            #......      32%         1    None
 Sandblast                Erth           #.....       32%         1    None
 Spectral Weapon          Hex/Chrm       ##......     43%         3    None
 Passwall                 Tmut/Erth      #.......     45%         2    None
 Sticks to Snakes         Tmut           #.......     45%         2    None
 Ice Form                 Ice/Tmut       ##......     65%         4    ###....
 Confuse                  Hex            #.......     67%         3    None
 Dazzling Spray           Conj/Hex       #.....       67%         3    None
 Lesser Beckoning         Tloc           #.........   67%         3    None
 Spider Form              Tmut/Pois      #.........   67%         3    None
 Stone Arrow              Conj/Erth      #.....       67%         3    None
 Tukima's Dance           Hex            #.......     67%         3    None
 Silence                  Hex/Air        ###.......   73%         5    #####..
 Deflect Missiles         Chrm/Air       ###.......   95%         6    ######.
 Petrify                  Tmut/Erth      #.......     96%         4    ###....
 Conjure Ball Lightning   Conj/Air       ###.......   99%         6    ######.
 Alistair's Intoxication  Tmut/Pois      #.......     100%        5    #####..
 Blade Hands              Tmut           #.........   100%        5    #####..
 Irradiate                Conj/Tmut      #.........   100%        5    #####..
 Lee's Rapid Deconstruct  Erth           #.........   100%        5    #####..
 Hydra Form               Tmut           #.........   100%        6    ######.
 Invisibility             Hex            #.......     100%        6    ######.
 Statue Form              Tmut/Erth      #........    100%        6    ######.
 Dragon Form              Tmut           #.........   100%        7    #######
 Tornado                  Air            ####......   100%        9    #######


Dungeon Overview and Level Annotations

Branches:
Dungeon (14/15)            Temple (1/1) D:5            Lair (6/6) D:8
  Swamp (4/4) Lair:2       Spider (4/4) Lair:3        Slime (0/5) Lair:6
    Orc (2/2) D:11            Elf (0/3) Orc:2
 Vaults: D:13-14

Altars:
Ashenzari
Cheibriados
Dithmenos
Elyvilon
Fedhas
Gozag
Hepliaklqana
Kikubaaqudgha
Makhleb
Nemelex Xobeh
Okawaru
Qazlal
Ru
Sif Muna
Trog
Uskayaw
Vehumet
Wu Jian
Xom
Yredelemnul
Zin
The Shining One
Beogh

Shops:
D:11 [   Orc:2 *!%(

Annotations:
D:4 3 runed translucent doors, DavidChitty1's ghost, amateur MiFi; Voker57's ghost, amateur DsGl
D:8 2 transporters
D:12 3 runed translucent doors, Lanoc's ghost, journeyman GnBe
Swamp:3 1 transporter, exclusion: 2 downstairs
Spider:1 exclusion: 2 downstairs
Spider:3 3 runed translucent doors, exclusion: 2 downstairs, Galewind's ghost, adept DEAE


Innate Abilities, Weirdness & Mutations

You have a beak for a mouth.
You have claws for feet.
You can fly continuously.
Your body sometimes deteriorates upon taking damage.
Your system is resistant to poisons. (rPois)
Your spells are a little easier to cast, but a little less powerful.
Your movements are slightly less encumbered by armour. (ER -2)
[You are very clumsy. (Dex -4)]
[Armour fits poorly on your strangely shaped body.]
[You are very frail. (-20% HP)]
[You are very weak. (Str -4)]


Message History

The basilisk is severely wounded.
A spatial vortex comes into view.
You block the basilisk's attack.
Unknown command.
You spin and attack the basilisk.
You slash the basilisk!
You kill the basilisk!
The Council accepts your kill.
The basilisk's shape twists and changes as it dies.
An orange demon comes into view.
You block the thrashing horror's attack. x2
Unknown command.
You spin and attack the wretched star repeatedly.
You closely miss the wretched star. You claw the wretched star!
The wretched star is lightly damaged.
Your shield and chain mail of the Unbroken prevent you from hitting the wretched star.
You claw the wretched star.
You peck the wretched star, but do no damage.
The wretched star is lightly damaged.
The thrashing horror tramples you!!
You die...

... . .D..#X##
####.. #.###
#####..
#..##.##..#..... .
#......#..... ...
.#......#...4#
..G.# ...XX#....#
.X.. . #. .│.#....#
.X.│.#.F..# .#
.*.│2#.*@.# ..
#..X#>#..X5#.#..
#...w.#..†....##
.#.....#..........
........2....#..(≈.
..#. ..##....##.≈..
....... #......≈...
....... ....A##..v≈
...... #....... .≈≈


You could see a daeva, a wretched star (pinned), a spatial vortex, an orange
demon, a thrashing horror, a tormentor, a blink frog and a quasit.

Vanquished Creatures
  Nikola (Spider:2)
  Asterion (Spider:2)
  A tentacled starspawn (Abyss:4)
  An emperor scorpion (Spider:4)
  3 ghost moths (Spider:4)
  Louise (Spider:2)
  A spark wasp (Spider:3)
  20 hydras
  A ghost crab (Swamp:2)
  2 shambling mangroves
  A catoblepas (Lair:6)
  A centaur warrior (D:13)
  14 alligators
  3 death yaks (Lair:6)
  2 spriggan berserkers (Swamp:4)
  5 orc high priests (Orc:2)
  An unseen horror (D:12)
  6 swamp dragons
  An orc knight (D:13)
  9 wolf spiders
  A phantasmal warrior (D:14)
  5 orb spiders
  A deep elf mage (D:14)
  3 elephants (Lair:6)
  6 ugly things
  3 manticores
  A worldbinder (Abyss:4)
  A centaur zombie (D:13)
  2 black mambas
  13 spiny frogs
  A rime drake (Lair:6)
  5 komodo dragons
  12 demonic crawlers
  An efreet (D:13)
  A troll (D:11)
  A tengu conjurer (D:13)
  10 jumping spiders
  17 hornets
  8 blink frogs
  6 tyrant leeches
  2 hippogriffs
  3 bog bodies
  5 slime creatures (D:13)
  2 starcursed masses (Abyss:4)
  40 redbacks
  2 shadows
  2 spriggans (Swamp:3)
  A ynoxinul (Abyss:4)
  A wraith (D:12)
  A wyvern (D:14)
  16 tarantellas
  2 hogs (Lair:2)
  23 yaks
  3 basilisks
  A basilisk (shapeshifter) (Abyss:4)
  A steam dragon (D:9)
  12 vampire mosquitoes
  7 wargs (Orc:2)
  2 soldier ants (D:8)
  7 swamp worms
  11 water moccasins
  6 orc warriors
  12 porcupines
  9 swamp drakes
  2 ice beasts
  5 sky beasts
  4 phantoms
  An eye of draining (D:12)
  8 ogres
  9 wolves
  2 centaurs
  15 crocodiles
  A big kobold (shapeshifter) (D:14)
  2 big kobolds
  15 bullfrogs
  5 scorpions
  A small abomination (Abyss:4)
  A wight (D:6)
  8 killer bees
  5 howler monkeys
  A vampire bat (D:7)
  2 electric eels (Lair:3)
  4 crimson imps
  A quasit (D:6)
  2 bullfrog zombies
  18 orc priests
  2 bullfrog skeletons (D:8)
  4 jellies
  5 orc wizards
  3 centaur skeletons
  4 hounds
  3 iguanas
  5 worker ants
  A worker ant zombie (D:8)
  4 gnolls (D:8)
  6 adders
  4 shadow imps
  2 oozes
  An adder skeleton (D:9)
  A worm (D:2)
  A dart slug (D:1)
  3 leopard geckos (D:3)
  45 orcs
  2 ball pythons
  4 bat skeletons (D:7)
  3 bat zombies (D:7)
  A giant cockroach (D:3)
  4 goblins
  2 hobgoblins (D:3)
  6 jackals
  4 quokkas
  7 bats
  4 frilled lizards
  6 kobolds
  A leopard gecko skeleton (D:6)
  3 leopard gecko zombies
  5 rats
602 creatures vanquished.

Vanquished Creatures (collateral kills)
  Kirke (Lair:2)
  A thorn hunter (Swamp:4)
  Roxanne (Swamp:4)
  Agnes (Spider:4)
  3 emperor scorpions (Spider:4)
  An entropy weaver (Spider:4)
  Nessos (D:12)
  A spark wasp (Spider:4)
  4 catoblepae
  6 hydras
  3 shambling mangroves
  A ghost crab (Swamp:3)
  4 death yaks (Lair:6)
  7 alligators
  Urug (D:12)
  4 spriggans
  2 orc high priests (Orc:2)
  2 two-headed ogres
  A spriggan druid (Swamp:3)
  2 swamp dragons
  An oklob plant (Lair:3)
  16 wolf spiders
  18 orb spiders
  A deep elf mage (D:10)
  A manticore (Lair:6)
  A moth of wrath (Spider:2)
  3 ugly things
  An elephant (Lair:6)
  2 torpor snails
  3 spiny frogs
  7 demonic crawlers
  3 komodo dragons
  A troll (D:12)
  16 jumping spiders
  2 tyrant leeches
  5 bog bodies
  8 hornets
  A blink frog (Lair:6)
  A slime creature (D:13)
  A meliai zombie (D:13)
  21 tarantellas
  27 redbacks
  Sigmund (D:4)
  3 hogs (Lair:2)
  13 yaks
  2 hungry ghosts
  10 vampire mosquitoes
  3 wargs (Orc:2)
  8 swamp worms
  An acid dragon (D:14)
  6 orc warriors
  An ice beast (D:7)
  2 phantoms
  6 swamp drakes
  4 ogres
  7 centaurs
  3 wolves
  3 bullfrogs (Lair:3)
  A gnoll sergeant (D:8)
  13 killer bees
  A water moccasin skeleton (D:7)
  3 scorpions
  7 wights (D:6)
  2 crimson imps
  2 hounds
  A jelly (D:7)
  4 orc wizards
  18 orc priests
  A bullfrog skeleton (D:11)
  A centaur skeleton (D:5)
  2 worker ants
  A killer bee zombie (D:6)
  A howler monkey zombie (D:7)
  A gnoll (D:8)
  5 adders
  2 shadow imps
  An adder skeleton (D:8)
  A worm (D:2)
  2 leopard geckos
  48 orcs
  2 goblins
  4 hobgoblins
  2 jackals (D:2)
  A quokka (D:7)
  A ball python skeleton (D:6)
  A frilled lizard (D:1)
  3 kobolds
392 creatures vanquished.

Vanquished Creatures (others)
  2 ghost moths (Spider:4)
  A spark wasp (Spider:4)
  An ugly thing (Spider:4)
  An elephant (Lair:6)
  A jumping spider (Spider:1)
  A hornet (Swamp:3)
  A human (Swamp:1)
  A swamp drake (Swamp:3)
  An orc wizard (D:14)
  3 fungi
  10 starspawn tentacles (Abyss:4)
  3 withered plants (D:4)
26 creatures vanquished.

Grand Total: 1020 creatures vanquished

Notes
Turn   | Place    | Note
-------+----------+-------------------------------------------
     0 | D:1      | Flip the Tengu Summoner began the quest for the Orb.
     0 | D:1      | Reached XP level 1. HP: 10/10 MP: 4/4
    98 | D:1      | Reached skill level 5 in Summonings
   217 | D:1      | Reached XP level 2. HP: 15/15 MP: 4/6
   239 | D:1      | Learned a level 2 spell: Call Imp
  1176 | D:2      | Found a stormy altar of Qazlal.
  1224 | D:2      | Reached XP level 3. HP: 18/19 MP: 1/7
  1232 | D:2      | Learned a level 3 spell: Call Canine Familiar
  1680 | D:2      | Found a bloodstained altar of Trog.
  2485 | D:2      | Reached XP level 4. HP: 24/24 MP: 2/8
  2522 | D:3      | Found a faded altar of an unknown god.
  3344 | D:3      | Gained mutation: You can fly continuously. [Tengu growth]
  3344 | D:3      | Reached XP level 5. HP: 24/28 MP: 6/10
  3491 | D:3      | Found an opulent altar of Gozag.
  3731 | D:3      | Learned a level 4 spell: Summon Lightning Spire
  4001 | D:4      | Noticed a phantom
  4007 | D:4      | Reached skill level 1 in Armour
  4060 | D:4      | Reached skill level 1 in Fighting
  4294 | D:3      | Killed a phantom
  4294 | D:3      | Reached skill level 1 in Air Magic
  4621 | D:4      | Reached XP level 6. HP: 20/34 MP: 5/12
  4786 | D:4      | Got a bloodstained long sword
  4787 | D:4      | Identified the +5 long sword of Defiance {drain, rElec
                  | rPois rN+ MR+} (You found it on level 4 of the Dungeon)
  4841 | D:4      | Noticed Sigmund
  4893 | D:4      | Killed Sigmund
  4893 | D:4      | Reached skill level 1 in Short Blades
  4893 | D:4      | Reached skill level 2 in Armour
  4965 | D:4      | Found a runed translucent gate.
  4967 | D:4      | Found a runed translucent gate.
  4968 | D:4      | Found a runed translucent gate.
  4969 | D:4      | Noticed DavidChitty1's ghost (amateur MiFi)
  4969 | D:4      | Noticed Voker57's ghost (amateur DsGl)
  4982 | D:4      | Found a radiant altar of Vehumet.
  5075 | D:4      | Found a glowing silver altar of Zin.
  5315 | D:5      | Entered Level 5 of the Dungeon
  5328 | D:5      | Reached XP level 7. HP: 21/38 MP: 14/14
  5500 | D:5      | Reached skill level 1 in Long Blades
  5595 | D:5      | Found a sparkling altar of Nemelex Xobeh.
  5824 | D:5      | Reached skill level 3 in Armour
  5873 | D:5      | Found a shadowy altar of Dithmenos.
  5873 | D:5      | Found a shattered altar of Ashenzari.
  6102 | D:5      | Found a staircase to the Ecumenical Temple.
  6235 | Temple   | Entered the Ecumenical Temple
  6471 | Temple   | Became a worshipper of the Wu Jian Council
  6737 | D:6      | Reached XP level 8. HP: 11/44 MP: 6/15
  6999 | D:6      | Reached skill level 4 in Armour
  7254 | D:6      | Got a slimy whip
  7255 | D:6      | Identified the +7 whip "Filom" {freeze, rF+ rC+ rN+ Int+4}
                  | (You found it on level 6 of the Dungeon)
  7375 | D:6      | Found a basalt altar of Yredelemnul.
  7655 | D:6      | Reached skill level 5 in Armour
  7937 | D:6      | Reached * piety under Wu Jian
  7937 | D:6      | Reached skill level 5 in Spellcasting
  7952 | D:6      | Got a clouded lapis lazuli ring
  7954 | D:6      | Identified the ring of Hatomn {Str+2 Stlth+} (You found it
                  | on level 6 of the Dungeon)
  8096 | D:7      | Reached skill level 5 in Air Magic
  8101 | D:7      | Reached XP level 9. HP: 29/49 MP: 10/17
  8508 | D:7      | Reached ** piety under Wu Jian
  8527 | D:7      | Found an ancient bone altar of Kikubaaqudgha.
  8692 | D:7      | Learned a level 4 spell: Summon Ice Beast
  8848 | D:8      | Found a staircase to the Lair.
  9027 | D:8      | Reached skill level 5 in Long Blades
  9027 | D:8      | Reached skill level 6 in Armour
  9114 | D:8      | Found a hazy altar of Hepliaklqana.
  9185 | D:8      | Noticed a death knight
  9186 | D:8      | Found a transporter.
  9186 | D:8      | Noticed a death knight
  9189 | D:8      | Noticed an eight-headed hydra
  9209 | D:8      | Found a transporter.
  9238 | D:8      | Reached skill level 1 in Ice Magic
  9510 | D:8      | Found a white marble altar of Elyvilon.
  9545 | D:8      | Reached *** piety under Wu Jian
  9572 | D:8      | Noticed a hornet
  9580 | D:8      | Killed a hornet
  9580 | D:8      | Noticed a hornet
  9585 | D:8      | Killed a hornet
  9951 | D:8      | Reached XP level 10. HP: 56/56 MP: 19/19
 10581 | D:9      | Found a deep blue altar of Sif Muna.
 11065 | D:9      | Learned a level 3 spell: Summon Guardian Golem
 11092 | D:10     | Entered Level 10 of the Dungeon
 11098 | D:10     | Reached skill level 7 in Armour
 11118 | D:10     | Noticed a deep elf mage
 11123 | D:10     | Killed a deep elf mage
 11123 | D:10     | Reached **** piety under Wu Jian
 11127 | D:10     | Gained mutation: You are robust. (+10% HP) [potion of
                  | mutation]
 11127 | D:10     | Gained mutation: You are very robust. (+20% HP) [potion of
                  | mutation]
 11226 | D:10     | Noticed a two-headed ogre
 11244 | D:10     | Killed a two-headed ogre
 12068 | D:11     | Reached ***** piety under Wu Jian
 12202 | D:11     | Found Xakh's Armour Shop.
 12202 | D:11     | Found a staircase to the Orcish Mines.
 12531 | D:12     | Noticed Urug
 12552 | D:12     | Killed Urug
 12552 | D:12     | Reached XP level 11. HP: 8/74 MP: 0/22
 13018 | D:12     | Found a runed translucent gate.
 13018 | D:12     | Found a runed translucent gate.
 13019 | D:12     | Noticed a cyclops
 13020 | D:12     | Found a runed translucent gate.
 13023 | D:12     | Noticed Lanoc's ghost (journeyman GnBe)
 13025 | D:12     | Noticed a minotaur
 13049 | D:12     | Noticed Nessos
 13050 | D:12     | Noticed a manticore
 13288 | D:12     | Reached skill level 8 in Armour
 13370 | D:12     | Killed Nessos
 13625 | D:12     | Noticed a green ugly thing
 13634 | D:12     | Killed a green ugly thing
 13646 | D:12     | Killed an unseen horror
 14135 | D:12     | Killed a manticore
 14306 | D:13     | Noticed a centaur warrior
 14316 | D:13     | Killed a centaur warrior
 14384 | D:13     | Reached skill level 5 in Ice Magic
 14779 | D:13     | Reached skill level 10 in Summonings
 14791 | D:13     | Reached skill level 5 in Fighting
 14935 | D:13     | Noticed an orc knight
 14942 | D:13     | Noticed a manticore
 15293 | D:13     | Noticed a six-headed hydra
 15305 | D:13     | Killed a four-headed hydra
 15467 | D:13     | Noticed a two-headed ogre
 15473 | D:13     | Killed a two-headed ogre
 15651 | D:13     | Noticed a green ugly thing
 15666 | D:13     | Reached XP level 12. HP: 46/81 MP: 17/24
 16162 | D:13     | Learned a level 3 spell: Regeneration
 16641 | D:13     | Reached skill level 1 in Necromancy
 16765 | D:14     | Reached skill level 1 in Charms
 17063 | D:14     | Got a steaming plate armour
 17074 | D:14     | Identified the +7 plate armour of the Robin {*Drain +Fly
                  | rElec Regen+ Dex+3} (You found it on level 14 of the
                  | Dungeon)
 17153 | D:14     | Noticed an ettin
 17333 | Lair:1   | Entered Level 1 of the Lair of Beasts
 17471 | Lair:1   | Reached skill level 9 in Armour
 17551 | Lair:1   | Noticed a six-headed hydra
 17561 | Lair:1   | Killed a three-headed hydra
 17561 | Lair:1   | Reached ****** piety under Wu Jian
 17650 | Lair:1   | You fall through a shaft!
 17751 | Lair:1   | Noticed a six-headed hydra
 17760 | Lair:1   | Killed a five-headed hydra
 17760 | Lair:1   | Reached skill level 10 in Armour
 17986 | Lair:1   | Identified a scroll of acquirement
 18657 | Lair:2   | You fall through a shaft!
 18685 | Lair:3   | Reached skill level 11 in Armour
 18715 | Lair:3   | Noticed a catoblepas
 18727 | Lair:3   | Killed a catoblepas
 18949 | Lair:3   | Reached XP level 13. HP: 75/87 MP: 22/26
 19012 | Lair:3   | Reached skill level 12 in Armour
 19087 | Lair:3   | Found a hole to the Spider Nest.
 20672 | Lair:5   | Reached skill level 13 in Armour
 21414 | Lair:6   | Entered Level 6 of the Lair of Beasts
 21442 | Lair:6   | Reached skill level 14 in Armour
 21875 | Lair:6   | Found a staircase to the Slime Pits.
 21939 | Lair:6   | Learned a level 1 spell: Apportation
 22352 | Lair:6   | Reached skill level 15 in Armour
 22622 | Lair:6   | Reached XP level 14. HP: 93/93 MP: 8/27
 23297 | Orc:1    | Entered Level 1 of the Orcish Mines
 23752 | Orc:2    | Entered Level 2 of the Orcish Mines
 23871 | Orc:2    | Reached skill level 16 in Armour
 24048 | Orc:2    | Found Teagref's Food Shop.
 24068 | Orc:2    | Found Wiogih's Antique Weapon Shoppe.
 24475 | Orc:2    | Found a staircase to the Elven Halls.
 24622 | Orc:2    | Found Seqit's Distillery.
 24648 | Orc:2    | Bought a potion of magic for 88 gold pieces
 24652 | Orc:2    | Found Uhiteg's General Store.
 24760 | Orc:2    | Found a roughly hewn altar of Beogh.
 24873 | Orc:2    | Bought a potion of ambrosia for 88 gold pieces
 24873 | Orc:2    | Bought a potion of agility for 44 gold pieces
 24873 | Orc:2    | Bought a potion of brilliance for 44 gold pieces
 24873 | Orc:2    | Bought a potion of agility for 44 gold pieces
 24873 | Orc:2    | Bought a potion of resistance for 110 gold pieces
 25474 | Lair:2   | Reached skill level 10 in Long Blades
 25526 | Lair:2   | Found a staircase to the Swamp.
 25878 | Spider:1 | Entered Level 1 of the Spider Nest
 27455 | D:11     | Bought the +8 chain mail of the Unbroken {rF- rC+ Str+4
                  | Int+3} for 993 gold pieces
 28608 | Spider:2 | Noticed Louise
 28626 | Spider:2 | Killed Louise
 28960 | Spider:2 | Noticed Asterion
 28970 | Spider:2 | Killed Asterion
 29117 | Spider:2 | Noticed Nikola
 29159 | Spider:2 | Killed Nikola
 29159 | Spider:2 | Reached XP level 15. HP: 73/102 MP: 5/28
 30155 | Spider:3 | Reached skill level 10 in Air Magic
 30950 | Spider:3 | Found a runed translucent gate.
 30950 | Spider:3 | Found a runed translucent gate.
 30950 | Spider:3 | Found a runed translucent gate.
 30950 | Spider:3 | Noticed Galewind's ghost (adept DEAE)
 31511 | Spider:4 | Entered Level 4 of the Spider Nest
 32856 | Spider:4 | Reached skill level 5 in Dodging
 32991 | Spider:4 | Noticed an emperor scorpion
 33016 | Spider:4 | Killed an emperor scorpion
 33553 | Spider:4 | Noticed Agnes
 33567 | Spider:4 | Killed Agnes
 33702 | Spider:4 | Noticed a ghost moth
 33706 | Spider:4 | Killed a ghost moth
 34545 | Spider:4 | Noticed an emperor scorpion
 34577 | Spider:4 | Noticed a ghost moth
 34596 | Spider:4 | Killed a ghost moth
 34621 | Spider:4 | Killed an emperor scorpion
 34621 | Spider:4 | Reached XP level 16. HP: 57/108 MP: 1/29
 35211 | Spider:4 | Reached skill level 15 in Summonings
 36175 | Spider:4 | Got a gossamer rune of Zot
 36361 | Swamp:1  | Entered Level 1 of the Swamp
 36365 | Swamp:1  | Noticed Kirke
 36734 | Lair:2   | Killed Kirke
 40097 | Swamp:3  | Found a transporter.
 40273 | Swamp:3  | Found a transporter.
 41565 | Swamp:4  | Entered Level 4 of the Swamp
 41565 | Swamp:4  | Noticed Roxanne
 41615 | Swamp:3  | Reached skill level 1 in Shields
 43131 | Swamp:4  | Killed Roxanne
 43131 | Swamp:4  | Reached XP level 17. HP: 118/118 MP: 6/30
 43324 | Swamp:4  | Reached skill level 5 in Shields
 43490 | Swamp:4  | Learned a level 4 spell: Animate Dead
 43522 | Swamp:4  | Reached skill level 5 in Necromancy
 44920 | Swamp:4  | Got a decaying rune of Zot
 45302 | Swamp:3  | Upgraded the game from 0.24-a0-48-g0ecae65 to
                  | 0.24-a0-57-gac335f2
 45392 | Swamp:3  | Lost mutation: You are very robust. (+20% HP) [the power of
                  | Zot]
 45396 | Swamp:3  | Gained mutation: [You are clumsy. (Dex -2)] [the power of
                  | Zot]
 45396 | Swamp:3  | Gained mutation: [Armour fits poorly on your strangely
                  | shaped body.] [the power of Zot]
 45412 | Swamp:3  | Cast into level 3 of the Abyss (the power of Zot)
 45412 | Abyss:3  | Found a corrupted altar of Lugonu.
 45434 | Abyss:3  | Noticed a bone dragon
 45699 | Abyss:4  | Found a corrupted altar of Lugonu.
 45711 | Abyss:4  | Lost mutation: [You are clumsy. (Dex -2)] [potion of
                  | mutation]
 45711 | Abyss:4  | Lost mutation: [Armour fits poorly on your strangely shaped
                  | body.] [potion of mutation]
 45711 | Abyss:4  | Lost mutation: You are robust. (+10% HP) [potion of
                  | mutation]
 45711 | Abyss:4  | Gained mutation: Your spells are a little easier to cast,
                  | but a little less powerful. [potion of mutation]
 45711 | Abyss:4  | Gained mutation: Your movements are slightly less
                  | encumbered by armour. (ER -2) [potion of mutation]
 45711 | Abyss:4  | Gained mutation: Your body sometimes deteriorates upon
                  | taking damage. [potion of mutation]
 45711 | Abyss:4  | Gained mutation: Your system is resistant to poisons.
                  | (rPois) [potion of mutation]
 45721 | Abyss:4  | Learned a level 1 spell: Summon Butterflies
 45740 | Abyss:4  | Noticed a tentacled starspawn
 45751 | Abyss:4  | Killed a tentacled starspawn
 45838 | Abyss:4  | Paralysed by accursed screaming for 1 turns
 45844 | Abyss:4  | Found an opulent altar of Gozag.
 46035 | Abyss:4  | Noticed a bone dragon
 46057 | Abyss:4  | Noticed a tentacled starspawn
 46094 | Abyss:4  | Slain by a thrashing horror

Vault maps used:
D:1:      lightli_arrival_windingriver, minmay_unequal
D:2:      nicolae_overflow_crystal_walls, nicolae_qazlal_general_emergency,
          roderic_lattice_a, minmay_misc_feat_more_columns
D:3:      minmay_razor_zed, old_standard_altar, first_ration,
          chequers_ecumenical_altar_simple_redux
D:4:      cheibrodos_helix_gallery, vehumet_crystals, kennysheep_mini_moat,
          gammafunk_ghost_cemetery, serial_glass, glass_columns_a,
          glass_columns_a, st_stairs_13, grunt_ministairs_9, uniq_sigmund
D:5:      lemuel_crystal_altar, chequers_temple_overflow_statue_of_worship,
          minmay_temple_entry_fiery, serial_park_tiny_pond
D:6:      kennysheep_mini
D:7:      kennysheep_vampire_church
D:8:      gammafunk_sealed_arena, old_standard_altar, elyvilon_altar_3,
          dpeg_oklobed_lair, hangedman_pestilent_swarm,
          chequers_serial_rivers_micro_d
D:9:      lemuel_round_altar
D:11:     orc_david_3
D:12:     maelrawn_ghost_gauntlet_escape, uniq_urug, uniq_nessos
D:14:     david_vaults_4, dk_noncrumbling_4
Temple:   compressed_dpeg_triangle_lava_temple
Lair:2:   swamp_mist_pool, beast_lair_carwin_11
Lair:3:   dummy_spider_entry, patterned_corridor, lemuel_fruit_tree,
          infiniplex_staircase_pool, grunt_megastairs_2, serial_bayou_shore_a
Lair:4:   nicolae_quartered_pool_little
Lair:5:   infiniplex_staircase_pool_2
Lair:6:   evilmike_catoblepas_cave, slime_dummy, serial_rivers,
          chequers_serial_rivers_micro_a, chequers_serial_rivers_micro_a,
          chequers_serial_rivers_small_3, chequers_serial_rivers_small_3,
          chequers_serial_rivers_small_a, chequers_serial_rivers_micro_c,
          grunt_megastairs_4
Swamp:1:  evilmike_swamp_ruin_house_4, swamp_pool1, uniq_kirke
Swamp:2:  evilmike_swamp_ruin_rubble_2
Swamp:3:  gammafunk_its_a_trap, hangedman_swamp_ruin_wall
Swamp:4:  swamp_basic_johnstein, uniq_roxanne
Spider:2: uniq_nikola, uniq_asterion, uniq_louise
Spider:3: gammafunk_ghost_necromancy, nicolae_spider_nook
Spider:4: spider_rune_water, portal_ice_cave_entry_ugly_swarm, uniq_agnes
Orc:2:    st_orc_town
Abyss:4:  hangedman_decor_points, hangedman_abyss_overflow_altar,
          hangedman_abyss_stitches_cave, nicolae_abyss_rune_star_stuff

Skill      XL: |  1  2  3  4  5  6  7  8  9 10 11 12 13 14 15 16 17 |
---------------+----------------------------------------------------+-----
Summonings     | 5 6 7 8 9 10 12 14 15 | 15.2
Spellcasting   | 3 4 5 6 7 8 9 |  9.4
Armour         | 1 2 3 5 6 7 8 11 15 16 | 16.4
Fighting       | 1 2 3 4 5 6 8 |  8.4
Air Magic      | 1 2 3 5 6 7 8 9 10 | 10.0
Short Blades   | 1 |  1.2
Long Blades    | 2 4 6 7 8 9 10 11 13 | 13.9
Ice Magic      | 2 4 5 6 |  6.3
Necromancy     | 1 4 7 |  7.3
Charms         | 1 3 |  3.7
Dodging        | 3 5 6 |  6.3
Shields        | 3 5 |  5.9
Stealth        | |  2.0
Unarmed Combat | |  0.2

Action                   |  1- 3 |  4- 6 |  7- 9 | 10-12 | 13-15 | 16-18 || total
-------------------------+-------+-------+-------+-------+-------+-------++-------
Melee: Unarmed           |    39 |       |       |       |       |     3 ||    42
       Kick              |    15 |    18 |    61 |   195 |   500 |   384 ||  1173
       Peck              |    13 |    18 |    43 |   108 |   312 |   239 ||   733
       Club              |    53 |       |       |       |       |       ||    53
       Dagger            |     6 |    77 |       |       |       |       ||    83
       Long sword        |       |    17 |   188 |   458 |  1018 |   624 ||  2305
       Whip              |       |       |     5 |       |       |       ||     5
       Scimitar          |       |       |       |    14 |    18 |   103 ||   135
Throw: Javelin           |       |       |       |     1 |       |     1 ||     2
       Tomahawk          |       |       |       |       |     1 |       ||     1
 Cast: Summon Small Mamm |     8 |       |       |       |       |       ||     8
       Call Imp          |    10 |    16 |     1 |     9 |       |       ||    36
       Call Canine Famil |     3 |     8 |    12 |     5 |     3 |     4 ||    35
       Summon Lightning  |       |       |    23 |    75 |   187 |   122 ||   407
       Summon Ice Beast  |       |       |       |     8 |    81 |   101 ||   190
       Summon Guardian G |       |       |       |       |    21 |     8 ||    29
       Regeneration      |       |       |       |       |     4 |    15 ||    19
Invok: Lunge             |       |       |    23 |    87 |   223 |   118 ||   451
       Whirlwind         |       |       |    19 |   185 |   566 |   405 ||  1175
       Serpent's Lash    |       |       |       |       |     3 |     1 ||     4
       Heavenly Storm    |       |       |       |       |     1 |       ||     1
 Abil: Fly               |       |       |       |       |     1 |       ||     1
       Wall Jump         |       |       |       |       |     1 |       ||     1
Evoke: Wand              |       |       |       |     2 |     6 |     1 ||     9
  Use: Scroll            |       |       |       |    33 |     9 |     8 ||    50
       Potion            |       |       |       |     1 |     3 |    12 ||    16
 Stab: Sleeping          |     1 |     2 |     3 |     2 |       |       ||     8
       Distracted        |       |     1 |     3 |    14 |    38 |    15 ||    71
       Petrified         |       |       |       |       |     3 |       ||     3
       Petrifying        |       |       |       |       |     1 |       ||     1
       Held in net/web   |       |       |       |       |     1 |       ||     1
       Invisible         |       |       |       |       |       |     2 ||     2
       Confused          |       |       |       |       |       |     1 ||     1
  Eat: Chunk             |     5 |     7 |    14 |    38 |    49 |    18 ||   131
       Ration            |       |     1 |     2 |     1 |     9 |    11 ||    24
Armor: Robe              |    33 |     2 |       |       |       |       ||    35
       Ring mail         |       |    26 |    81 |   141 |       |       ||   248
       Plate armour      |       |       |       |   102 |   462 |       ||   564
       Chain mail        |       |       |       |       |   358 |   445 ||   803
Dodge: Dodged            |   101 |    46 |   118 |   184 |   542 |   380 ||  1371
Block: Other             |       |       |       |       |    63 |    92 ||   155
       Shield            |       |       |       |       |       |   196 ||   196
       Reflection        |       |       |       |       |       |     6 ||     6
       Rpst.: Long sword |       |     4 |    34 |    48 |   112 |    69 ||   267
       Scimitar          |       |       |       |     1 |     1 |     5 ||     7

Table legend:
 A = Non-vault XP
 B = Vault XP
 C = Vault XP percentage of total XP
 D = Non-vault monster count
 E = Vault monster count
 F = Vault count percentage of total count
                 A         B        C        D         E       F
            +---------+---------+-------+---------+---------+-------
      Total |  135741 |   70963 |  34.3 |     767 |     235 |  23.5
            +---------+---------+-------+---------+---------+-------
        D:1 |      18 |       2 |  10.0 |      13 |       2 |  13.3
        D:2 |      46 |       0 |   0.0 |      19 |       0 |   0.0
        D:3 |     176 |      18 |   9.3 |      19 |       8 |  29.6
        D:4 |      50 |     295 |  85.5 |       3 |       6 |  66.7
        D:5 |     464 |       0 |   0.0 |      11 |       0 |   0.0
        D:6 |     978 |       0 |   0.0 |      28 |       0 |   0.0
        D:7 |     919 |      69 |   7.0 |      33 |       8 |  19.5
        D:8 |    1086 |     611 |  36.0 |      28 |       4 |  12.5
        D:9 |    1141 |       0 |   0.0 |      28 |       0 |   0.0
       D:10 |    1140 |       0 |   0.0 |      19 |       0 |   0.0
       D:11 |    1527 |     227 |  12.9 |      27 |       7 |  20.6
       D:12 |    3132 |    1623 |  34.1 |      25 |       2 |   7.4
       D:13 |    8325 |       0 |   0.0 |      52 |       0 |   0.0
       D:14 |    1904 |     615 |  24.4 |      14 |       1 |   6.7
     Lair:1 |    4152 |       0 |   0.0 |      19 |       0 |   0.0
     Lair:2 |    3623 |    1959 |  35.1 |      16 |       8 |  33.3
     Lair:3 |    6006 |     578 |   8.8 |      31 |       6 |  16.2
     Lair:4 |    1264 |       0 |   0.0 |       7 |       0 |   0.0
     Lair:5 |    5388 |       0 |   0.0 |      23 |       0 |   0.0
     Lair:6 |    6017 |    8951 |  59.8 |      19 |      25 |  56.8
    Swamp:1 |    8071 |       0 |   0.0 |      23 |       0 |   0.0
    Swamp:2 |   15461 |       0 |   0.0 |      39 |       0 |   0.0
    Swamp:3 |    9855 |    1123 |  10.2 |      35 |       2 |   5.4
    Swamp:4 |    5820 |   18887 |  76.4 |      25 |      32 |  56.1
   Spider:1 |    9995 |       0 |   0.0 |      40 |       0 |   0.0
   Spider:2 |    6172 |    5527 |  47.2 |      25 |       3 |  10.7
   Spider:3 |   10726 |    4771 |  30.8 |      46 |      16 |  25.8
   Spider:4 |   17272 |   19267 |  52.7 |      58 |      42 |  42.0
      Orc:1 |    1044 |       0 |   0.0 |      25 |       0 |   0.0
      Orc:2 |     529 |    6440 |  92.4 |      10 |      63 |  86.3
    Abyss:4 |    3440 |       0 |   0.0 |       7 |       0 |   0.0
            +---------+---------+-------+---------+---------+-------
